 Dungeon Crawl Stone Soup version 0.22-a0-352-gc608dd7 (webtiles) character file.

79 vishdafish the Poker (level 4, -1/46 HPs)
             Began as an Octopode Berserker on Apr 14, 2018.
             Was a Believer of Trog.
             Slain by Grinder (2 damage)
             ... on level 3 of the Dungeon.
             The game lasted 00:02:14 (1419 turns).

vishdafish the Poker (Octopode Berserker)           Turns: 1419, Time: 00:02:16

Health: -1/46      AC:  1    Str: 21    XL:     4   Next: 37%
Magic:  4/4        EV: 14    Int: 10    God:    Trog [**....]
Gold:   138        SH:  0    Dex: 11    Spells: 3/3 levels left

rFire    . . .     SeeInvis .   a - +0 spear
rCold    . . .     Gourm    .   (no shield)
rNeg     . . .     Faith    .   (helmet restricted)
rPois    .         Spirit   .   (no amulet)
rElec    .         Reflect  .   (no ring)
rCorr    .         Harm     .   (no ring)
MR       .....                  (no ring)
Stlth    ..........             (no ring)
HPRegen  0.15/turn              (no ring)
MPRegen  0.09/turn              (no ring)
                                (no ring)
                                (no ring)

@: berserking, very quick
A: almost no armour, stealthy swim, amphibious, 8 rings, constrict 8, camouflage
1, gelatinous body 1
a: Berserk, Trog's Hand, Renounce Religion


You were on level 3 of the Dungeon.
You worshipped Trog.
Trog was pleased with you.
You were near starving.

You visited 1 branch of the dungeon, and saw 3 of its levels.

You collected 138 gold pieces.

Inventory:

Hand Weapons
 a - a +0 spear (weapon)
Armour
 d - a +0 large shield
Jewellery
 m - an uncursed ring of ice
Scrolls
 c - 5 scrolls of identify {unknown}
 e - a scroll of blinking {unknown}
 f - 2 scrolls of remove curse {unknown}
 g - a scroll of enchant armour {unknown}
 i - a scroll of noise {unknown}
 j - a scroll of amnesia {unknown}
 o - a scroll of teleportation {unknown}
Potions
 h - a potion of degeneration {unknown}
 k - 2 potions of might {unknown}
 l - a potion of curing {unknown}
 n - a potion of flight {unknown}
Comestibles
 b - 2 rations


   Skills:
 + Level 3.5 Fighting
 + Level 3.7 Polearms
 + Level 3.6 Dodging
 + Level 1.3 Shields


You had 3 spell levels left.
You didn't know any spells.

Dungeon Overview and Level Annotations

Branches:
Dungeon (3/15)

Altars:

Annotations:
D:3 Grinder


Innate Abilities, Weirdness & Mutations

You cannot wear most types of armour.
You are very stealthy in the water. (Stealth+)
You are amphibious.
You can wear up to eight rings at the same time.
You can use your tentacles to constrict eight enemies at once.
Your skin changes colour to match your surroundings (Stealth+).
Your rubbery body absorbs attacks. (AC +1, EV +1)


Message History

Grinder gestures at you. You resist with significant effort.
You hit Grinder but do no damage. You squeeze Grinder.
Grinder is lightly wounded.
You constrict Grinder.
Grinder blinks free!
Grinder blinks!
You see here a scroll labeled XIBOULLOITI.
Grinder gestures at you. Pain shoots through your body!
You closely miss Grinder. Your grab misses Grinder. You squeeze Grinder.
Grinder is moderately wounded.
Grinder hits you.
You writhe in agony.
* * * LOW HITPOINT WARNING * * *
A red film seems to cover your vision as you go berserk!
You feel yourself moving faster!
You feel mighty!
You are near starving!
Grinder hits you!
* * * LOW HITPOINT WARNING * * *
You writhe in agony.
You die...

.# ### )# #..
.# #.###.#
... #..##.#
#.###..##.#
#?..#.##.#
#.#...#.###.#
#.....?.@5..#
###...#.#####
##.##.#
#.##.# ####
#.##.# ...
#.##.#
#.####.##.#
#.<)...##.#
#.######


You could see Grinder.

Vanquished Creatures
  3 adders (D:2)
  2 dart slugs (D:1)
  2 leopard geckos
  2 ball pythons
  A giant cockroach (D:1)
  8 goblins
  6 hobgoblins
  A quokka (D:2)
  5 bats
  4 frilled lizards
  7 kobolds
  4 rats
45 creatures vanquished.

Notes
Turn   | Place    | Note
-------+----------+-------------------------------------------
     0 | D:1      | vishdafish the Octopode Berserker began the quest for the Orb.
     0 | D:1      | Reached XP level 1. HP: 16/16 MP: 1/1
    99 | D:1      | Reached XP level 2. HP: 14/21 MP: 2/2
   261 | D:1      | Reached XP level 3. HP: 25/26 MP: 3/3
   264 | D:1      | Reached ** piety under Trog
   752 | D:2      | Reached skill level 1 in Shields
   858 | D:2      | Reached XP level 4. HP: 21/31 MP: 4/4
  1409 | D:3      | Noticed Grinder
  1419 | D:3      | HP: 1/46 [Grinder (11)]
  1419 | D:3      | Slain by Grinder

Vault maps used:
D:1:      elethiomel_arrival_maze, serial_forest,
          infiniplex_forest_clump_curved, infiniplex_forest_clump_tiny,
          infiniplex_forest_lined_3_way, infiniplex_forest_end_double,
          infiniplex_forest_end_2, infiniplex_forest_straight_3,
          infiniplex_forest_clump_medium, infiniplex_forest_clump_double
D:2:      guppyfry_early_lair_pool
D:3:      gup_sewer_entry_bubbles, small_statue_intersection, uniq_grinder

Skill      XL: |  1  2  3 |
---------------+----------+-----
Shields        | 1 |  1.3
Fighting       | |  3.5
Polearms       | |  3.7
Dodging        | |  3.6

Action                   |  1- 3 |  4- 6 || total
-------------------------+-------+-------++-------
Melee: Spear             |    77 |    30 ||   107
       Constrict         |    12 |     4 ||    16
       Tentacles         |    12 |     2 ||    14
Invok: Berserk           |       |     2 ||     2
 Stab: Distracted        |     1 |       ||     1
       Sleeping          |       |     4 ||     4
  Eat: Chunk             |       |     2 ||     2
Armor: Skin              |     7 |       ||     7
Dodge: Dodged            |    45 |    10 ||    55

Table legend:
 A = Spawn XP
 B = Non-spawn XP
 C = Spawn XP percentage of total XP
 D = Spawn monster count
 E = Non-spawn monster count
 F = Spawn count percentage of total count
 G = Total turns spent on level
                    A         B        C        D         E        F      G
               +---------+---------+-------+---------+---------+-------+---------
         Total |       0 |     113 |   0.0 |       0 |      45 |   0.0 |  1419
               +---------+---------+-------+---------+---------+-------+---------
           D:1 |       0 |      41 |   0.0 |       0 |      21 |   0.0 |   651
           D:2 |       0 |      69 |   0.0 |       0 |      22 |   0.0 |   739
           D:3 |       0 |       3 |   0.0 |       0 |       2 |   0.0 |    29
               +---------+---------+-------+---------+---------+-------+---------
